[Event "Sardinia World Festival-A 2024"]
[Site "Orosei"]
[Date "2024.04.27"]
[Round "1.37"]
[White "Degraeve, Remy"]
[Black "Floris, Federico"]
[Result "1-0"]
[ECO "D30"]
[WhiteElo "2432"]
[BlackElo "2129"]
[Annotator "TA"]
[PlyCount "107"]
[EventDate "2024.04.26"]
[EventType "swiss"]
[EventCountry "ITA"]
[SourceTitle "playchess.com"]
[Source "ChessBase"]
[SourceQuality "1"]
[TimeControl "40/5400+30:1800+30"]

1. d4 d5 2. c4 e6 3. Nf3 c5 4. cxd5 exd5 5. g3 Nf6 6. Bg2 Nc6 7. O-O Be7 8. dxc5 Bxc5 9. Bg5 O-O 10. Qc1 Be7 11. Nc3 Be6 12. Rd1 {[%emt 0:00:08] The position is equal.} h6 13. Be3 Qd7 14. Qc2 Rfd8 15. Qa4 Bh3 16. Rac1 Bxg2 17. Kxg2 Qe6 18. Nd4 Nxd4 19. Bxd4 b6 20. Qb3 Bc5 21. e3 Ne4 22. Bxc5 (22. Nxe4 $16 Qxe4+ 23. f3) 22... Ng5 $2 {[%emt 0:03:55][%mdl 8192] [#]} (22... bxc5 $11 23. Nxe4 (23. Rxd5 Rdb8 $16) (23. Nxd5 Ng5 $11) 23... Qxe4+ 24. Kg1 (24. f3 Qe5 $11) 24... d4) 23. f4 $1 $18 bxc5 24. fxg5 Rab8 25. Qc2 d4 26. Na4 {[%emt 0:07:53] exd4 is the strong threat.} dxe3 27. Nc3 (27. Rxd8+ Rxd8 28. Rd1 (28. Kf3 $2 Rd2 $19) 28... Rxd1 29. Qxd1 Qe4+ 30. Kg1 e2 $17 (30... hxg5 $2 31. Nc3 $18)) 27... hxg5 28. Rxd8+ Rxd8 29. Rd1 {[%emt 0:00:02] Prevents Rd2+.} Rd4 30. Kg1 g6 31. b3 ({Better is} 31. Re1 $18) 31... Qd7 (31... Rxd1+ $16 32. Qxd1 Qf6) 32. Re1 ({White should play} 32. Qe2 $18) 32... Rd3 $1 $14 33. Ne4 Qd4 {[%emt 0:00:35] Repels Nf6+} 34. Qc4 (34. Nxg5 e2+ 35. Kg2 Qd5+ 36. Kg1 (36. Kf2 $2 Qf5+ 37. Kxe2 Re3+ 38. Kxe3 Qxc2 $19) 36... Rd2 $11) (34. Nxc5 Rc3 35. Qe4 (35. Ne6 $2 Qd2 $19) 35... Qxc5 $19) 34... Rd1 $1 35. Kf1 {[%emt 0:00:15] [#] aiming for Qxd4.} Qa1 36. Qe2 Rxe1+ 37. Qxe1 Qxa2 {[%emt 0:00:06] Black is on the road to losing.} (37... Qd4 $14 38. Qb1 (38. Nxg5 Qf6+ 39. Ke2 Qxg5 $11) 38... f5 39. Nxg5 Qd2) 38. Qxe3 $18 Qxh2 39. Nxg5 {[%emt 0:00:21] Qe8+ would kill now. Active counter play!} (39. Qxc5 Qh1+ 40. Kf2 Qxe4 41. Qxa7 Qc2+ 42. Kf1 Qxb3 $15) 39... Qh1+ 40. Ke2 Qd5 (40... Qg2+ $142 41. Kd1 Qd5+ 42. Kc2 c4) 41. Ne4 Qh5+ 42. Kd3 {[%emt 0:00:00] Intending Nf6+ and mate.} Qd5+ 43. Kc2 Qe5 {[%emt 0:00:15] Prevents Nf6+} 44. Qf4 (44. Qxc5 Qxe4+ 45. Kb2 Qg2+ 46. Ka3 Qxg3 47. Qxa7 f5 $11) 44... Qe7 45. g4 Qh4 {[%emt 0:06:48] Against g5} (45... Qe6 $18 46. Nxc5 Qe2+ 47. Kc3 Qe1+ 48. Kc2 Qa5) 46. Qb8+ (46. Ng5 $142 f6 47. Qxf6 Qh2+ 48. Kc3 Qg3+ 49. Kb2 Qg2+ 50. Ka3 Qb7 51. Qxg6+ Qg7 52. Qe8+ Qf8 53. Qxf8+ Kxf8 54. Ne6+ Kg8 55. Nxc5) 46... Kh7 47. Qe5 {[%emt 0:00:00] White threatens g5 and mate.} (47. Nxc5 Qf2+ (47... Qxg4 $2 {loses.} 48. Qxa7 Qe2+ 49. Kc3 $18) 48. Kd3 Qxc5 $15) 47... f5 48. gxf5 {[%emt 0:00:00] White mates.} gxf5 49. Qxf5+ Kg7 50. Qg5+ Qxg5 51. Nxg5 c4 52. bxc4 Kf6 53. Nf3 Ke6 54. Kc3 {[%emt 0:12:13] Weighted Error Value: White=0.18 (very precise) /Black=0.48.  Loses game:     	---       	Black=1      Mistake:       	White=4     	Black=4      Inaccurate:     	White=1     	Black=2      OK:         	White=17    	Black=11     Best:        	White=3     	Black=1      Strong:       	White=1     	Black=2} 1-0

[Event "Sardinia World Festival-A 2024"]
[Site "Orosei"]
[Date "2024.04.27"]
[Round "1.38"]
[White "Advaitt Srikant Koduri"]
[Black "Kilic, Eray"]
[Result "0-1"]
[ECO "A48"]
[WhiteElo "2125"]
[BlackElo "2429"]
[Annotator "ChessBase"]
[PlyCount "86"]
[EventDate "2024.04.26"]
[EventType "swiss"]
[EventCountry "ITA"]
[SourceTitle "playchess.com"]
[Source "ChessBase"]
[SourceQuality "1"]
[TimeControl "40/5400+30:1800+30"]

1. d4 Nf6 2. Nf3 g6 3. Bf4 Bg7 4. e3 O-O 5. Be2 d6 6. h3 c5 7. c3 Qb6 8. Qb3 Be6 9. Qxb6 axb6 10. a3 cxd4 11. exd4 Nd5 12. Bd2 Nc6 13. O-O Na5 14. c4 Nb3 15. cxd5 Bxd5 16. Nc3 Bxf3 17. Rad1 Bxe2 18. Nxe2 Rfc8 19. Bc3 d5 20. Rd3 Rc4 21. Rfd1 Rac8 22. f4 e6 23. Kf2 b5 24. Bb4 Nc1 25. Nxc1 Rxc1 26. Rxc1 Rxc1 27. Ke3 Rc2 28. Rc3 Rxc3+ 29. Bxc3 Bf8 30. g4 h6 31. Kf3 g5 32. Ba5 Be7 33. Bd2 Kg7 34. Ke2 Kg6 35. Kf3 Bd6 36. fxg5 hxg5 37. Be1 Bc7 38. h4 gxh4 39. Bxh4 Bb6 40. Bf2 f6 41. b4 e5 42. dxe5 Bxf2 43. Kxf2 fxe5 0-1

[Event "Sardinia World Festival-A 2024"]
[Site "Orosei"]
[Date "2024.04.27"]
[Round "1.39"]
[White "Aghayev, Miragha"]
[Black "Pegno, Mattia"]
[Result "1-0"]
[ECO "B72"]
[WhiteElo "2424"]
[BlackElo "2120"]
[Annotator "ChessBase"]
[PlyCount "77"]
[EventDate "2024.04.26"]
[EventType "swiss"]
[EventCountry "ITA"]
[SourceTitle "playchess.com"]
[Source "ChessBase"]
[SourceQuality "1"]
[TimeControl "40/5400+30:1800+30"]

1. e4 c5 2. Nf3 Nc6 3. d4 cxd4 4. Nxd4 g6 5. Nc3 Bg7 6. Be3 Nf6 7. Bc4 O-O 8. Bb3 d6 9. h3 Na5 10. O-O b6 11. Bd5 Nxd5 12. exd5 Bb7 13. b3 Rc8 14. Qd2 Qd7 15. Rfe1 Rc5 16. Nde2 Rc7 17. Bd4 Rfc8 18. Bxg7 Kxg7 19. Rac1 Kg8 20. Qd3 Qf5 21. Qxf5 gxf5 22. Nb5 Rxc2 23. Rxc2 Rxc2 24. Ned4 Rxa2 25. Nxf5 Kf8 26. Rxe7 Bc8 27. Nbxd6 Bxf5 28. Nxf5 Nxb3 29. d6 Nc5 30. d7 Nxd7 31. Rxd7 f6 32. Rxh7 a5 33. Rb7 Rb2 34. Ra7 Rb4 35. h4 Rf4 36. Ne7 Ke8 37. Nd5 Rxh4 38. Nxb6 Rh5 39. Nc4 1-0

[Event "Sardinia World Festival-A 2024"]
[Site "Orosei"]
[Date "2024.04.27"]
[Round "1.40"]
[White "Ter-Avetisjana, Agnesa Stepania"]
[Black "Kanov, Nikola"]
[Result "0-1"]
[ECO "E61"]
[WhiteElo "2120"]
[BlackElo "2423"]
[Annotator "RC"]
[PlyCount "98"]
[EventDate "2024.04.26"]
[EventType "swiss"]
[EventCountry "ITA"]
[SourceTitle "playchess.com"]
[Source "ChessBase"]
[SourceQuality "1"]
[TimeControl "40/5400+30:1800+30"]

1. d4 Nf6 2. Nf3 c5 3. e3 g6 4. c4 Bg7 5. Nc3 O-O 6. d5 d6 7. h3 e6 8. e4 exd5 9. exd5 Re8+ 10. Be2 Bf5 11. O-O Ne4 12. Nxe4 Bxe4 13. Ne1 Na6 14. Bd3 b5 15. cxb5 Bxd3 16. Qxd3 Nc7 17. Bd2 Qh4 18. Rc1 Bxb2 19. Rc2 Bd4 20. Ba5 Nxd5 21. Nf3 Qe4 22. Qxe4 Rxe4 23. Rd1 Nf4 24. Nxd4 cxd4 25. Rc6 Rb8 26. a4 d3 27. g3 Rxa4 28. Bc7 Ne2+ 29. Kf1 Rxb5 30. Rxd3 Nd4 31. Rxd6 Ne6 32. Rc6 Ra2 33. Rc4 Rbb2 34. Be5 Rxf2+ 35. Kg1 Rg2+ 36. Kh1 Rh2+ 37. Kg1 Rhg2+ 38. Kh1 Rgc2 39. Rxc2 Rxc2 40. Ra3 Rc5 41. Bf6 Rf5 42. Bb2 Rb5 43. Bf6 Rb7 44. Kg2 h6 45. h4 Kh7 46. Kf3 Rb5 47. Ke4 a5 48. Rc3 Rc5 49. Rb3 Rf5 0-1

[Event "Sardinia World Festival-A 2024"]
[Site "Orosei"]
[Date "2024.04.27"]
[Round "1.41"]
[White "Haldorsen, Benjamin"]
[Black "Semling, Johannes"]
[Result "1-0"]
[ECO "C02"]
[WhiteElo "2419"]
[BlackElo "2120"]
[Annotator "TA"]
[PlyCount "119"]
[EventDate "2024.04.26"]
[EventType "swiss"]
[EventCountry "ITA"]
[SourceTitle "playchess.com"]
[Source "ChessBase"]
[SourceQuality "1"]
[TimeControl "40/5400+30:1800+30"]

1. e4 e6 2. d4 d5 3. e5 c5 4. c3 Nc6 5. Nf3 Qb6 6. a3 c4 7. Nbd2 Na5 8. Rb1 Bd7 9. h4 O-O-O 10. h5 (10. b3 {feels hotter.} cxb3 11. c4 Ba4 12. c5) 10... h6 11. b4 {[%emt 0:03:59] White has an edge.} cxb3 12. Nxb3 Ba4 13. Nfd2 Kb8 14. Bd3 Rc8 15. Bc2 {[%emt 0:02:42] Nxa5 would now be deadly.} Nxb3 16. Bxb3 Bxb3 17. Rxb3 Qa6 18. Rh3 f6 19. f4 Ne7 20. Qe2 Qxe2+ (20... Rc6 {with more complications.} 21. Nf3 f5 22. Kf2 Rg8) 21. Kxe2 Nc6 22. Rb1 Na5 (22... fxe5 $11 {keeps the balance.} 23. dxe5 Rg8) 23. Rg3 b6 24. Kd3 fxe5 25. fxe5 Kc7 26. Nf3 Kd7 (26... Kd8 $16 27. a4 Rh7) 27. Nh4 $1 $18 Rg8 28. Bxh6 Rh8 29. Bxg7 Rxh5 30. Bxf8 (30. Bf6 $16) 30... Rxh4 $14 31. Rf1 Nc4 (31... Kc6 $16) 32. Rg7+ $18 Kc6 33. Rxa7 Rg4 34. Rf6 $1 (34. Rg7 $2 Rxf8 35. Rxg4 Rxf1 $19) 34... Re8 (34... Rg3+ 35. Ke2 Rxg2+ 36. Kf3 $18) 35. Rff7 $1 (35. Rg7 $6 Re4 $16) 35... Rc8 {[%emt 0:00:30] [#] Against Rfc7+} 36. Rfe7 $1 Rg3+ (36... Rxf8 37. Rec7+ Kb5 38. a4#) 37. Ke2 $1 Rxg2+ $2 ({And not} 37... Rxf8 38. Rec7+ Kb5 39. a4#) ({Don't go for} 37... Re3+ $2 38. Kd1 Nxe5 (38... Rxf8 39. Rec7+ Kb5 40. a4#) (38... Rd3+ $2 39. Kc2 $18) 39. Bh6 $18 (39. Rxe6+ Kb5 $18)) (37... Nb2 $16 {keeps fighting.}) 38. Kf3 Rg6 39. Bg7 {[%emt 0:00:23] Strongly threatening a4.} Nd2+ 40. Ke3 Ne4 {[%emt 0:00:53][%cal Oc6b5] [#]} 41. Bf6 $2 Kb5 $11 42. a4+ Kc4 43. Rxe6 Rg3+ (43... Rg1 $11) 44. Kf4 $16 {[%emt 0:00:00] Black is on the road to losing.} Rxc3 (44... Rg1 $142) 45. Rxb6 {[%emt 0:00:00] And now Bg7 would win.} Kxd4 46. Bg7 {[%emt 0:00:00] Against Rf8+} R3c7 $2 (46... Kc5 $16 47. a5 Rc4) 47. e6+ $18 Kc5 48. Rb5+ Kc4 49. Rxc7+ Rxc7 {[%emt 0:09:10][%mdl 4096] Endgame. [#] KRB-KRN} 50. Bf8 $1 {[%emt 0:00:00] Threatens to win with e7.} Rc8 51. Ba3 Nf6 52. Ke5 Ng4+ 53. Kd6 {[%emt 0:00:00] Rb4+ is the strong threat.} d4 54. e7 {[%emt 0:00:00] Wards off Rd8+. aiming for Ke6.} Nf6 55. Ke5 Ng4+ 56. Ke6 {[%emt 0:00:00][%cal Ob5c5] White threatens Rc5+! and mate.} Kc3 57. Rc5+ {[%emt 0:00:32] White mates.} Rxc5 58. Bxc5 ({Weaker is} 58. e8=R Re5+ 59. Kf7 d3 60. Rc8+ Kb3 $17) 58... d3 59. e8=Q d2 60. Qh8+ {[%emt 0:01:28] Weighted Error Value: White=0.19 (very precise) /Black=0.34.  Loses game:     	---       	Black=2      Missed win:     	White=1     	---        Mistake:       	White=1     	Black=5      Inaccurate:     	White=3     	Black=4      OK:         	White=10    	Black=12     Best:        	White=8     	Black=8      Strong:       	White=3     	---} 1-0

[Event "Sardinia World Festival-A 2024"]
[Site "Orosei"]
[Date "2024.04.27"]
[Round "1.42"]
[White "Romagno, Pasquale"]
[Black "Yankelevich, Lev"]
[Result "0-1"]
[ECO "E24"]
[WhiteElo "2119"]
[BlackElo "2413"]
[Annotator "ChessBase"]
[PlyCount "44"]
[EventDate "2024.04.26"]
[EventType "swiss"]
[EventCountry "ITA"]
[SourceTitle "playchess.com"]
[Source "ChessBase"]
[SourceQuality "1"]
[TimeControl "40/5400+30:1800+30"]

1. d4 Nf6 2. c4 e6 3. Nc3 Bb4 4. f3 c5 5. a3 Bxc3+ 6. bxc3 Nc6 7. e4 d6 8. d5 Ne5 9. Bg5 h6 10. Bh4 O-O 11. Be2 Re8 12. g4 Ng6 13. Bg3 exd5 14. cxd5 h5 15. Bb5 Bd7 16. Bxd7 Qxd7 17. g5 Nxe4 18. fxe4 Rxe4+ 19. Kf1 h4 20. Be1 Qb5+ 21. Kf2 Rf4+ 22. Kg2 Qf1# 0-1

[Event "Sardinia World Festival-A 2024"]
[Site "Orosei"]
[Date "2024.04.27"]
[Round "1.43"]
[White "Saine, Zachary"]
[Black "Szwed, Jacek"]
[Result "*"]
[ECO "A47"]
[WhiteElo "2032"]
[BlackElo "2336"]
[Annotator "RC"]
[PlyCount "85"]
[EventDate "2024.04.26"]
[EventType "swiss"]
[EventCountry "ITA"]
[SourceTitle "playchess.com"]
[Source "ChessBase"]
[SourceQuality "1"]
[TimeControl "40/5400+30:1800+30"]

1. d4 Nf6 2. Nf3 b6 3. e3 Bb7 4. Bd3 g6 5. O-O Bg7 6. Nbd2 c5 7. b3 Nc6 8. Bb2 O-O 9. a3 d6 10. c4 Nd7 11. Qc2 e5 12. d5 Ne7 13. Ne4 Qc7 14. Nfd2 h6 15. Ng3 f5 16. f4 Rf7 17. Rf2 Kh8 18. Re1 Raf8 19. Ref1 Bc8 20. Be2 Qd8 21. Nf3 Ng8 22. h3 Qe7 23. Re1 Ngf6 24. Nh4 Kg8 25. Nxg6 Qe8 26. Nxf5 Ne4 27. Nxd6 Nxd6 28. Nxf8 Rxf8 29. Bg4 e4 30. Be6+ Kh7 31. Bxg7 Kxg7 32. Qc3+ Kh7 33. f5 Nf6 34. g4 Qe7 35. Rg2 Nfe8 36. Qe5 Qf6 37. Qg3 Bb7 38. h4 Qg7 39. Rf1 Bc8 40. g5 Rxf5 41. Bxf5+ Bxf5 42. Rgf2 Qd7 43. h5 *

[Event "Sardinia World Festival-A 2024"]
[Site "Orosei"]
[Date "2024.04.27"]
[Round "1.43"]
[White "Tondo, Salvatore"]
[Black "Dimitrov, Dejan"]
[Result "1-0"]
[ECO "A47"]
[WhiteElo "1790"]
[BlackElo "1998"]
[Annotator "NA RC"]
[PlyCount "97"]
[EventDate "2024.04.26"]
[EventType "swiss"]
[EventCountry "ITA"]
[SourceTitle "playchess.com"]
[Source "ChessBase"]
[SourceQuality "1"]
[TimeControl "40/5400+30:1800+30"]

1. d4 Nf6 2. Nf3 b6 3. e3 Bb7 4. Bd3 g6 5. O-O Bg7 6. Nbd2 c5 7. b3 Nc6 8. Bb2 O-O 9. a3 d6 10. c4 Nd7 11. Qc2 e5 12. d5 Ne7 13. Ne4 Qc7 14. Nfd2 h6 15. Ng3 f5 16. f4 Rf7 17. Rf2 Kh8 18. Re1 Raf8 19. Ref1 Bc8 20. Be2 Qd8 21. Nf3 Ng8 22. h3 Qe7 23. Re1 Ngf6 24. Nh4 Kg8 25. Nxg6 Qe8 26. Nxf5 Ne4 27. Nxd6 Nxd6 28. Nxf8 Rxf8 29. Bg4 e4 30. Be6+ Kh7 31. Bxg7 Kxg7 32. Qc3+ Kh7 33. f5 Nf6 34. g4 Qe7 35. Rg2 Nfe8 36. Qe5 Qf6 37. Qg3 Bb7 38. h4 Qg7 39. Rf1 Bc8 40. g5 Rxf5 41. Bxf5+ Bxf5 42. Rgf2 Qd7 43. h5 Ng7 44. g6+ Kg8 45. Rh2 Qe7 46. Qf4 Qf6 47. Qxh6 Qe5 48. Qg5 Nge8 49. Rhf2 1-0

[Event "Sardinia World Festival-A 2024"]
[Site "Orosei"]
[Date "2024.04.27"]
[Round "1.44"]
[White "Knors, Rudi"]
[Black "Da Forno, Roberto"]
[Result "1/2-1/2"]
[ECO "D38"]
[WhiteElo "1992"]
[BlackElo "1840"]
[Annotator "NA RC"]
[PlyCount "81"]
[EventDate "2024.04.26"]
[EventType "swiss"]
[EventCountry "ITA"]
[SourceTitle "playchess.com"]
[Source "ChessBase"]
[SourceQuality "1"]
[TimeControl "40/5400+30:1800+30"]

1. d4 d5 2. Nf3 Nf6 3. c4 e6 4. Nc3 Bb4 5. Qa4+ Nc6 6. e3 O-O 7. Bd3 Bd7 8. Qc2 h6 9. Bd2 Re8 10. a3 dxc4 11. Bxc4 Bd6 12. O-O a6 13. b4 b5 14. Bd3 e5 15. Ne4 exd4 16. exd4 Re6 17. Rfe1 Qe7 18. Ng3 Bxg3 19. hxg3 Qd6 20. Rxe6 Bxe6 21. Bc3 Nd5 22. Bb2 Rd8 23. Rc1 Nce7 24. Ne5 f6 25. Nf3 Rd7 26. Nh4 Nb6 27. Re1 Nc4 28. Bh7+ Kf8 29. Bc1 g5 30. Ng6+ Ke8 31. Nxe7 Rxe7 32. Qe4 Kd7 33. Bf5 Bxf5 34. Qxf5+ Kd8 35. Rxe7 Qxe7 36. Qd5+ Qd6 37. Qg8+ Kd7 38. Qf7+ Qe7 39. Qd5+ Qd6 40. Qf7+ Qe7 41. Qd5+ 1/2-1/2

[Event "Sardinia World Festival-A 2024"]
[Site "Orosei"]
[Date "2024.04.27"]
[Round "1.45"]
[White "Knors, Rudi"]
[Black "Da Forno, Roberto"]
[Result "*"]
[ECO "D32"]
[WhiteElo "1992"]
[BlackElo "1840"]
[Annotator "NA"]
[PlyCount "55"]
[EventDate "2024.04.26"]
[EventType "swiss"]
[EventCountry "ITA"]
[SourceTitle "playchess.com"]
[Source "ChessBase"]
[SourceQuality "1"]
[TimeControl "40/5400+30:1800+30"]

1. c4 e6 2. Nc3 d5 3. e3 c5 4. cxd5 exd5 5. d4 Nf6 6. Nf3 Nc6 7. Be2 Be7 8. O-O O-O 9. b3 Bg4 10. dxc5 Bxc5 11. Bb2 Rc8 12. Na4 Be7 13. Nd4 Be6 14. Bf3 Ne5 15. Be2 Nc6 16. Rc1 Rc7 17. Nc5 Nxd4 18. Qxd4 Qb8 19. Nxe6 fxe6 20. Qe5 Kf7 21. Qxc7 Qe8 22. Qxb7 Kg8 23. Rc7 Qg6 24. Rxe7 e5 25. Rxg7+ Qxg7 26. Qxg7+ Kxg7 27. Bxe5 Kf7 28. Bxf6 *

[Event "Sardinia World Festival-A 2024"]
[Site "Orosei"]
[Date "2024.04.27"]
[Round "1.46"]
[White "Tacconi, Antonio"]
[Black "Craciun, Dragos"]
[Result "0-1"]
[ECO "D12"]
[WhiteElo "1784"]
[BlackElo "1985"]
[Annotator "NA RC"]
[PlyCount "66"]
[EventDate "2024.04.26"]
[EventType "swiss"]
[EventCountry "ITA"]
[SourceTitle "playchess.com"]
[Source "ChessBase"]
[SourceQuality "1"]
[TimeControl "40/5400+30:1800+30"]

1. d4 d5 2. c4 c6 3. e3 Nf6 4. Nc3 Bf5 5. Nf3 e6 6. a3 Nbd7 7. Be2 Bd6 8. c5 Bc7 9. b4 O-O 10. O-O b5 11. Bd3 Ne4 12. Qc2 Ng5 13. Nxg5 Bxd3 14. Qxd3 Qxg5 15. e4 Qh5 16. e5 f6 17. f4 fxe5 18. dxe5 Rf5 19. Qh3 Qxh3 20. gxh3 Raf8 21. Be3 g5 22. fxg5 Rxf1+ 23. Rxf1 Rxf1+ 24. Kxf1 Bxe5 25. Nb1 Bxh2 26. Kg2 Be5 27. Kf3 Kg7 28. h4 Kg6 29. Kg4 h5+ 30. gxh6 Nf6+ 31. Kh3 Ng8 32. h5+ Kxh5 33. h7 Ne7 0-1

[Event "Sardinia World Festival-A 2024"]
[Site "Orosei"]
[Date "2024.04.27"]
[Round "1.47"]
[White "Marras, Giuseppe"]
[Black "Botez, Alexandra"]
[Result "*"]
[ECO "B32"]
[WhiteElo "1776"]
[BlackElo "1970"]
[Annotator "NA RC"]
[PlyCount "37"]
[EventDate "2024.04.26"]
[EventType "swiss"]
[EventCountry "ITA"]
[SourceTitle "playchess.com"]
[Source "ChessBase"]
[SourceQuality "1"]
[TimeControl "40/5400+30:1800+30"]

1. e4 c5 2. Nf3 Nc6 3. d4 cxd4 4. Nxd4 e5 5. Nxc6 bxc6 6. Bd3 d6 7. O-O Be7 8. Re1 Nf6 9. Bc4 O-O 10. Nc3 a5 11. Qd3 Be6 12. Bxe6 fxe6 13. Qc4 Qd7 14. f4 d5 15. exd5 exd5 16. Qf1 Nh5 17. Rxe5 Rf5 18. Rxf5 Qxf5 19. Qf3 *

[Event "Sardinia World Festival-A 2024"]
[Site "Orosei"]
[Date "2024.04.27"]
[Round "1.48"]
[White "Botez, Andrea"]
[Black "Di Giulio, Dario"]
[Result "*"]
[ECO "D02"]
[WhiteElo "1879"]
[BlackElo "1970"]
[Annotator "NA"]
[PlyCount "20"]
[EventDate "2024.04.26"]
[EventType "swiss"]
[EventCountry "ITA"]
[SourceTitle "playchess.com"]
[Source "ChessBase"]
[SourceQuality "1"]
[TimeControl "40/5400+30:1800+30"]

1. d4 Nf6 2. Bf4 d5 3. Nf3 e6 4. e3 Bd6 5. Nbd2 Bxf4 6. exf4 Qd6 7. Ne5 Nbd7 8. c3 O-O 9. Bd3 c5 10. g4 Rd8 *

[Event "Sardinia World Festival-A 2024"]
[Site "Orosei"]
[Date "2024.04.27"]
[Round "1.48"]
[White "Piovesan, Sara"]
[Black "Zanchini, Domenico Francesco"]
[Result "1-0"]
[ECO "D02"]
[WhiteElo "1579"]
[BlackElo "1461"]
[Annotator "NA RC"]
[PlyCount "45"]
[EventDate "2024.04.26"]
[EventType "swiss"]
[EventCountry "ITA"]
[SourceTitle "playchess.com"]
[Source "ChessBase"]
[SourceQuality "1"]
[TimeControl "40/5400+30:1800+30"]

1. d4 Nf6 2. Bf4 d5 3. Nf3 e6 4. e3 Bd6 5. Nbd2 Bxf4 6. exf4 Qd6 7. Ne5 Nbd7 8. c3 O-O 9. Bd3 c5 10. g4 Rd8 11. g5 Ne8 12. Bxh7+ Kf8 13. Qh5 Nxe5 14. fxe5 Qc7 15. Qf3 b6 16. h4 Ba6 17. h5 Rd7 18. h6 Rc8 19. hxg7+ Kxg7 20. Qh5 Kf8 21. Qh4 Bb5 22. Qf4 Ba6 23. Rh6 1-0

[Event "Sardinia World Festival-A 2024"]
[Site "Orosei"]
[Date "2024.04.27"]
[Round "1.49"]
[White "Borgia, Enrico"]
[Black "Geraci, Daniele"]
[Result "*"]
[ECO "A08"]
[WhiteElo "1597"]
[BlackElo "1486"]
[Annotator "NA"]
[PlyCount "35"]
[EventDate "2024.04.26"]
[EventType "swiss"]
[EventCountry "ITA"]
[SourceTitle "playchess.com"]
[Source "ChessBase"]
[SourceQuality "1"]
[TimeControl "40/5400+30:1800+30"]

1. e4 e6 2. d3 d5 3. Nd2 c5 4. Ngf3 Nc6 5. g3 g6 6. Bg2 Bg7 7. c3 Nf6 8. O-O O-O 9. Re1 Nd7 10. Nf1 d4 11. c4 a6 12. a3 e5 13. Bd2 a5 14. Rb1 a4 15. Bc1 Nb6 16. h3 Qc7 17. N1d2 Bh6 18. b3 *

[Event "Sardinia World Festival-A 2024"]
[Site "Orosei"]
[Date "2024.04.27"]
[Round "1.50"]
[White "Botez, Andrea"]
[Black "Di Giulio, Dario"]
[Result "1-0"]
[ECO "B06"]
[WhiteElo "1879"]
[BlackElo "1970"]
[Annotator "NA RC"]
[PlyCount "85"]
[EventDate "2024.04.26"]
[EventType "swiss"]
[EventCountry "ITA"]
[SourceTitle "playchess.com"]
[Source "ChessBase"]
[SourceQuality "1"]
[TimeControl "40/5400+30:1800+30"]

1. d4 g6 2. Nc3 Bg7 3. e4 d6 4. Be3 Nd7 5. Qd2 a6 6. O-O-O b6 7. f3 h6 8. g4 Bb7 9. Nh3 e6 10. g5 h5 11. Rg1 Qe7 12. Nf4 O-O-O 13. h4 Qe8 14. Nd3 Ne7 15. Nb4 Nb8 16. Bh3 a5 17. Nd3 Nd7 18. Nb5 Kb8 19. a4 d5 20. Qc3 Rc8 21. Bf4 Nc6 22. Rge1 dxe4 23. fxe4 Qe7 24. Qc4 Rhd8 25. Nxc7 Ka7 26. Nb5+ Ka8 27. Bd6 Qe8 28. e5 Nb4 29. Nc7+ Rxc7 30. Bxc7 Ba6 31. Bg2+ Ka7 32. Bxb6+ Kxb6 33. Qb3 Bxd3 34. Rxd3 Ka7 35. Kb1 Rb8 36. Rg3 Nb6 37. Rc3 Qd8 38. Rc5 Nxa4 39. Qxa4 Nd5 40. Rxa5+ Kb7 41. Ra7+ Kb6 42. Qa5+ Kc6 43. Qc5# 1-0

[Event "Sardinia World Festival-A 2024"]
[Site "Orosei"]
[Date "2024.04.27"]
[Round "1.50"]
[White "ANDHIN, tehjha Nidhi"]
[Black "Ferrari, Fabrizio"]
[Result "*"]
[ECO "B06"]
[WhiteElo "1461"]
[BlackElo "1595"]
[Annotator "NA RC"]
[PlyCount "28"]
[EventDate "2024.04.26"]
[EventType "swiss"]
[EventCountry "ITA"]
[SourceTitle "playchess.com"]
[Source "ChessBase"]
[SourceQuality "1"]
[TimeControl "40/5400+30:1800+30"]

1. d4 g6 2. Nc3 Bg7 3. e4 d6 4. Be3 Nd7 5. Qd2 a6 6. O-O-O b6 7. f3 h6 8. g4 Bb7 9. Nh3 e6 10. g5 h5 11. Rg1 Qe7 12. Nf4 O-O-O 13. h4 Qe8 14. Nd3 Ne7 *

[Event "Sardinia World Festival-A 2024"]
[Site "Orosei"]
[Date "2024.04.27"]
[Round "1.51"]
[White "Saine, Zachary"]
[Black "Szwed, Jacek"]
[Result "0-1"]
[ECO "C11"]
[WhiteElo "2032"]
[BlackElo "2336"]
[Annotator "TA"]
[PlyCount "54"]
[EventDate "2024.04.26"]
[EventType "swiss"]
[EventCountry "ITA"]
[SourceTitle "playchess.com"]
[Source "ChessBase"]
[SourceQuality "1"]
[TimeControl "40/5400+30:1800+30"]

1. e4 e6 2. d4 d5 3. Nc3 Nf6 4. e5 Nfd7 5. f4 c5 6. Nf3 Nc6 7. Be3 Be7 8. Qd2 O-O 9. Be2 b6 10. O-O f5 11. dxc5 {[%emt 0:06:21] The position is equal.} Nxc5 12. Nd4 Nxd4 13. Bxd4 Bb7 14. b4 Ne4 15. Nxe4 dxe4 16. a3 Rc8 17. c4 g5 18. Be3 Qc7 19. Qb2 gxf4 20. Bxf4 Kh8 21. Bh6 Rg8 22. Rxf5 $2 Rg6 $19 (22... e3 23. Rf3 (23. g3 $2 Rg6 $19) 23... Bxf3 24. Bxf3) 23. Rh5 {[%emt 0:01:48] [#]} e3 $1 24. Bf1 (24. Bxe3 $2 Rxg2+ 25. Kf1 Rf8+ 26. Ke1 Bf3 $19) (24. g3 Qc6) 24... Qc6 ({Better is} 24... Bxg2 $19 25. Bxg2 Rcg8 (25... Qxc4 26. Kh1 $17) 26. Bxe3 Qxc4 (26... Rxg2+ 27. Qxg2 Rxg2+ 28. Kxg2 $17)) 25. Bf4 $2 (25. Bxe3 $2 {is the wrong capture.} Qf3 $19) (25. Ra2 $17 Qe4 26. Qe2) 25... Qf3 26. Bg5 Rxg5 (26... Qxh5 $142 27. Bxe7 e2 28. Qxe2 Rxg2+ 29. Qxg2 Bxg2 30. Bf6+ Kg8 31. Kxg2 Kf7) 27. Rxg5 Qf2+ {[%emt 0:09:05] Weighted Error Value: White=0.68/Black=0.62.  Loses game:     	White=2     	---        Mistake:       	---       	Black=1      Inaccurate:     	White=1     	---        OK:         	White=7     	Black=8      Brilliant:      	---       	Black=1} 0-1

[Event "Sardinia World Festival-A 2024"]
[Site "Orosei"]
[Date "2024.04.27"]
[Round "1.51"]
[White "Piovesan, Sara"]
[Black "Zanchini, Domenico Francesco"]
[Result "*"]
[ECO "C11"]
[WhiteElo "1579"]
[BlackElo "1461"]
[Annotator "NA RC"]
[PlyCount "54"]
[EventDate "2024.04.26"]
[EventType "swiss"]
[EventCountry "ITA"]
[SourceTitle "playchess.com"]
[Source "ChessBase"]
[SourceQuality "1"]
[TimeControl "40/5400+30:1800+30"]

1. e4 e6 2. d4 d5 3. Nc3 Nf6 4. e5 Nfd7 5. f4 c5 6. Nf3 Nc6 7. Be3 Be7 8. Qd2 O-O 9. Be2 b6 10. O-O f5 11. dxc5 Nxc5 12. Nd4 Nxd4 13. Bxd4 Bb7 14. b4 Ne4 15. Nxe4 dxe4 16. a3 Rc8 17. c4 g5 18. Be3 Qc7 19. Qb2 gxf4 20. Bxf4 Kh8 21. Bh6 Rg8 22. Rxf5 Rg6 23. Rh5 e3 24. Bf1 Qc6 25. Bf4 Qf3 26. Bg5 Rxg5 27. Rxg5 Qf2+ *